[Event "GambitGuide"]
[Site "Internet Chess Club"]
[Date "2014.10.30"]
[Round "1"]
[White "JSBach"]
[Black "Muravey"]
[Result "1-0"]
[ICCResult "Black resigns"]
[WhiteElo "1651"]
[BlackElo "1841"]
[Opening "Vienna: `Frankenstein-Dracula' variation"]
[ECO "C27"]
[NIC "VG.02"]
[Time "17:28:34"]
[TimeControl "120+12"]

1. e4 e5 2. Nc3 Nf6 3. Bc4 Nxe4 4. Qh5 Nd6 5. Bb3 Nc6 6. Nb5 g6 7. Qf3 f5 8.
Qd5 Qe7 9. Nxc7+ Kd8 10. Nxa8 b6 11. Ba4 Bb7 12. Nxb6 axb6 13. Qb3 Kc7 14.
Ne2 Bg7 15. Nc3 Na5 16. Nd5+ Bxd5 17. Qxd5 Qe6 18. Qxe6 dxe6 19. c3 e4 20.
Rf1 e5 21. Bc2 Nab7 22. d3 exd3 23. Bxd3 e4 24. Be2 Nc5 25. Kd2 Rd8 26. Rd1
Nb5+ 27. Kc2 Re8 28. Bxb5 Rb8 29. Bf4+ {Black resigns} 1-0

[Event "GambitGuide"]
[Site "Internet Chess Club"]
[Date "2014.10.30"]
[Round "1"]
[White "JSBach"]
[Black "Stone-Castle"]
[Result "1-0"]
[ICCResult "Black resigns"]
[WhiteElo "1651"]
[BlackElo "1649"]
[Opening "Vienna: `Frankenstein-Dracula' variation"]
[ECO "C27"]
[NIC "VG.02"]
[Time "17:29:56"]
[TimeControl "120+12"]

1. e4 e5 2. Nc3 Nf6 3. Bc4 Nxe4 4. Qh5 Nd6 5. Bb3 Nc6 6. Nb5 g6 7. Qf3 f5 8.
Qd5 Qe7 9. Nxc7+ Kd8 10. Nxa8 b6 11. Ba4 Bb7 12. Nxb6 axb6 13. Qb3 b5 14.
Nf3 Bg7 15. Bxb5 Nd4 16. Nxd4 exd4+ 17. Kf1 Re8 18. Kg1 Qe1+ 19. Bf1 Ba6 20.
Qb6+ {Black resigns} 1-0

[Event "GambitGuide"]
[Site "Internet Chess Club"]
[Date "2014.10.30"]
[Round "1"]
[White "JSBach"]
[Black "Lazydaze"]
[Result "1-0"]
[ICCResult "Black resigns"]
[WhiteElo "1651"]
[BlackElo "1522"]
[Opening "Vienna: `Frankenstein-Dracula' variation"]
[ECO "C27"]
[NIC "VG.02"]
[Time "17:29:44"]
[TimeControl "120+12"]

1. e4 e5 2. Nc3 Nf6 3. Bc4 Nxe4 4. Qh5 Nd6 5. Bb3 Nc6 6. Nb5 g6 7. Qf3 f5 8.
Qd5 Qe7 9. Nxc7+ Kd8 10. Nxa8 b6 11. Ba4 Bb7 12. Nxb6 axb6 13. Qb3 Nc8 14.
Nf3 Nd4 15. Nxd4 exd4+ 16. Kf1 Bh6 17. Qc4 Re8 18. Kg1 d3 19. Qxd3 Qe1+ 20.
Qf1 Ba6 21. d3 Bg7 22. Bg5+ Kc7 23. Rxe1 {Black resigns} 1-0

[Event "GambitGuide"]
[Site "Internet Chess Club"]
[Date "2014.10.30"]
[Round "1"]
[White "JSBach"]
[Black "Zheus"]
[Result "1-0"]
[ICCResult "Black resigns"]
[WhiteElo "1651"]
[BlackElo "2019"]
[Opening "Vienna: `Frankenstein-Dracula' variation"]
[ECO "C27"]
[NIC "VG.02"]
[Time "17:30:01"]
[TimeControl "120+12"]

1. e4 e5 2. Nc3 Nf6 3. Bc4 Nxe4 4. Qh5 Nd6 5. Bb3 Nc6 6. Nb5 g6 7. Qf3 f5 8.
Qd5 Qe7 9. Nxc7+ Kd8 10. Nxa8 b6 11. Ba4 Bb7 12. Nxb6 axb6 13. Qb3 b5 14.
Nf3 bxa4 15. Qxa4 Nd4 16. Nxd4 exd4+ 17. Kf1 Qe4 18. f3 Qc6 19. Qxd4 Bg7 20.
Qxg7 Ba6+ 21. Kf2 Qc5+ 22. Kg3 f4+ 23. Kxf4 Qf5+ 24. Kg3 Qg5+ 25. Kf2 Re8
26. g3 Re2+ 27. Kg1 Qc5+ 28. d4 Qd5 29. Qf6+ Kc7 30. Bg5 {Black resigns} 1-0

[Event "GambitGuide"]
[Site "Internet Chess Club"]
[Date "2014.10.30"]
[Round "1"]
[White "JSBach"]
[Black "gonesailing"]
[Result "1-0"]
[ICCResult "Black resigns"]
[WhiteElo "1651"]
[BlackElo "1337"]
[Opening "Vienna: `Frankenstein-Dracula' variation"]
[ECO "C27"]
[NIC "VG.02"]
[Time "17:28:14"]
[TimeControl "120+12"]

1. e4 e5 2. Nc3 Nf6 3. Bc4 Nxe4 4. Qh5 Nd6 5. Bb3 Nc6 6. Nb5 g6 7. Qf3 f5 8.
Qd5 Qe7 9. Nxc7+ Kd8 10. Nxa8 b6 11. Ba4 Bb7 12. Nxb6 axb6 13. Qb3 Nc8 14.
Ne2 Nd4 15. Nxd4 exd4+ 16. Kf1 Bg7 17. Qc4 Re8 18. Kg1 Qg5 19. Qf1 Bxg2 20.
d3 Bxf1+ 21. Bxg5+ Ne7 22. Rxf1 h6 23. Bf4 Nd5 24. Bd6 Re2 25. Kg2 f4 26.
Kf3 Re6 27. Bb8 g5 28. Bb3 {Black resigns} 1-0

[Event "GambitGuide"]
[Site "Internet Chess Club"]
[Date "2014.10.30"]
[Round "1"]
[White "JSBach"]
[Black "chigato"]
[Result "1-0"]
[ICCResult "Black checkmated"]
[WhiteElo "1651"]
[BlackElo "1678"]
[Opening "Vienna: `Frankenstein-Dracula' variation"]
[ECO "C27"]
[NIC "VG.02"]
[Time "17:30:37"]
[TimeControl "120+12"]

1. e4 e5 2. Nc3 Nf6 3. Bc4 Nxe4 4. Qh5 Nd6 5. Bb3 Nc6 6. Nb5 g6 7. Qf3 f5 8.
Qd5 Qe7 9. Nxc7+ Kd8 10. Nxa8 b6 11. Ba4 Bb7 12. Nxb6 axb6 13. Qb3 Kc7 14.
Ne2 Na5 15. Qh3 Qf6 16. c3 b5 17. Bc2 Nac4 18. a4 bxa4 19. Bxa4 f4 20. Qxd7+
Kb8 21. Bc6 Bxc6 22. Qxc6 Qd8 23. Ra8# {Black checkmated} 1-0

[Event "GambitGuide"]
[Site "Internet Chess Club"]
[Date "2014.10.30"]
[Round "1"]
[White "JSBach"]
[Black "Stone-Castle"]
[Result "0-1"]
[ICCResult "White checkmated"]
[WhiteElo "1651"]
[BlackElo "1649"]
[Opening "Vienna: `Frankenstein-Dracula' variation"]
[ECO "C27"]
[NIC "VG.02"]
[Time "17:30:43"]
[TimeControl "120+12"]

1. e4 e5 2. Nc3 Nf6 3. Bc4 Nxe4 4. Qh5 Nd6 5. Bb3 Nc6 6. Nb5 g6 7. Qf3 f5 8.
Qd5 Qe7 9. Nxc7+ Kd8 10. Nxa8 b6 11. Ba4 Bb7 12. Nxb6 axb6 13. Qb3 b5 14.
Ne2 Bg7 15. Bxb5 Nd4 16. Nxd4 exd4+ 17. Kf1 Nxb5 18. Qxb5 Re8 19. Kg1 Qe1+
20. Qf1 d3 21. cxd3 Bd4 22. h4 Bxf2+ 23. Kh2 Qe5+ 24. Kh3 Qg3#
{White checkmated}
0-1

[Event "GambitGuide"]
[Site "Internet Chess Club"]
[Date "2014.10.30"]
[Round "1"]
[White "JSBach"]
[Black "raller"]
[Result "0-1"]
[ICCResult "White checkmated"]
[WhiteElo "1651"]
[BlackElo "1927"]
[Opening "Vienna: `Frankenstein-Dracula' variation"]
[ECO "C27"]
[NIC "VG.02"]
[Time "17:29:14"]
[TimeControl "120+12"]

1. e4 e5 2. Nc3 Nf6 3. Bc4 Nxe4 4. Qh5 Nd6 5. Bb3 Nc6 6. Nb5 g6 7. Qf3 f5 8.
Qd5 Qe7 9. Nxc7+ Kd8 10. Nxa8 b6 11. Ba4 Bb7 12. Nxb6 axb6 13. Qb3 b5 14.
Nf3 bxa4 15. Qxa4 e4 16. Nd4 Bg7 17. Nxc6+ Bxc6 18. Qa7 Qe5 19. O-O f4 20.
Re1 f3 21. gxf3 Qg5+ 22. Kh1 exf3 23. Qb6+ Kc8 24. Rg1 Qh4 25. Re1 Qxf2 26.
Qxf2 Ne4 27. Rxe4 Bxe4 28. a4 Bd4 29. Kg1 Bxf2+ 30. Kxf2 Re8 31. b4 Bd5 32.
Kg3 Re2 33. h4 f2 34. Bb2 Rxd2 35. Rf1 Rxc2 36. Rxf2 Rxf2 37. Kxf2 Bb3 38.
a5 Bc4 39. Bd4 Kb7 40. Kg3 Ka6 41. Bf6 Kb5 42. Be7 d5 43. Bd6 d4 44. Kf3 d3
45. Ke3 h6 46. Kd2 g5 47. hxg5 hxg5 48. Kc1 g4 49. Kd2 Kc6 50. Be5 Kd5 51.
Bg3 Ke4 52. Kc3 Kf3 53. Bd6 g3 54. Bc5 Ke2 55. a6 Bxa6 56. b5 Bxb5 57. Kb4
d2 58. Ka5 d1=Q 59. Kxb5 Qd5 60. Kb4 Kd3 61. Bb6 Qc4+ 62. Ka5 Ke4 63. Ba7
Kd5 64. Kb6 Qc6+ 65. Ka5 Kc4 66. Be3 Qb5# {White checkmated} 0-1

[Event "GambitGuide"]
[Site "Internet Chess Club"]
[Date "2014.10.30"]
[Round "1"]
[White "JSBach"]
[Black "Muravey"]
[Result "1-0"]
[ICCResult "Black resigns"]
[WhiteElo "1651"]
[BlackElo "1841"]
[Opening "Vienna: `Frankenstein-Dracula' variation"]
[ECO "C27"]
[NIC "VG.02"]
[Time "17:30:13"]
[TimeControl "120+12"]

1. e4 e5 2. Nc3 Nf6 3. Bc4 Nxe4 4. Qh5 Nd6 5. Bb3 Nc6 6. Nb5 g6 7. Qf3 f5 8.
Qd5 Qe7 9. Nxc7+ Kd8 10. Nxa8 b6 11. Ba4 Bb7 12. Nxb6 axb6 13. Qb3 Kc7 14.
Ne2 Qe6 15. Qxe6 dxe6 16. d3 b5 17. Bb3 Kd7 18. f3 Bg7 19. c3 b4 20. Be3
bxc3 21. bxc3 Ba6 22. Rd1 Ke7 23. Bc5 Rd8 24. Ba4 Na5 25. Bb6 {Black
resigns} 1-0

[Event "GambitGuide"]
[Site "Internet Chess Club"]
[Date "2014.10.30"]
[Round "1"]
[White "JSBach"]
[Black "ShabShoral"]
[Result "1-0"]
[ICCResult "Black resigns"]
[WhiteElo "1651"]
[BlackElo "1400"]
[Opening "Vienna: `Frankenstein-Dracula' variation"]
[ECO "C27"]
[NIC "VG.02"]
[Time "17:31:02"]
[TimeControl "120+12"]

1. e4 e5 2. Nc3 Nf6 3. Bc4 Nxe4 4. Qh5 Nd6 5. Bb3 Nc6 6. Nb5 g6 7. Qf3 f5 8.
Qd5 Qe7 9. Nxc7+ Kd8 10. Nxa8 b6 11. Ba4 b5 12. Bxb5 Nxb5 13. Qxb5 Bh6 14.
d3 Bxc1 15. Rxc1 e4 16. Ne2 exd3 17. Qxd3 Nb4 18. Qc3 Nd5 19. Qxh8+
{Black resigns}
1-0

[Event "GambitGuide"]
[Site "Internet Chess Club"]
[Date "2014.10.30"]
[Round "1"]
[White "JSBach"]
[Black "THEREGULATOR"]
[Result "1-0"]
[ICCResult "Black resigns"]
[WhiteElo "1651"]
[BlackElo "1362"]
[Opening "Vienna: `Frankenstein-Dracula' variation"]
[ECO "C27"]
[NIC "VG.02"]
[Time "17:26:57"]
[TimeControl "120+12"]

1. e4 e5 2. Nc3 Nf6 3. Bc4 Nxe4 4. Qh5 Nd6 5. Bb3 Nc6 6. Nb5 g6 7. Qf3 f5 8.
Qd5 Qe7 9. Nxc7+ Kd8 10. Nxa8 b6 11. Ba4 Nb4 12. Qb3 Ne4 13. d3 Nf6 14. Qc4
d5 15. Qh4 Bb7 16. Bg5 Bg7 17. a3 Na6 18. Bb5 Nc5 19. b4 Ne6 20. Nxb6 axb6
21. Bd2 e4 22. Ne2 exd3 23. cxd3 Ng4 24. Qxe7+ Kxe7 25. Rd1 Ra8 26. h3 Ne5
27. a4 Nd4 28. Bg5+ Ke6 29. Nxd4+ Kf7 30. f4 Nd7 31. Nxf5 Bc3+ 32. Kf2 gxf5
33. Bxd7 Bd4+ 34. Kg3 Rg8 35. Bxf5 h6 36. Rhe1 hxg5 37. Be6+ Kg7 38. Bxg8
Kxg8 39. fxg5 Bc6 40. b5 Bd7 41. Re7 Bf5 42. Kh4 Kf8 43. Rc7 Bf2+ 44. g3 Bc5
45. Rf1 {Black resigns} 1-0

[Event "GambitGuide"]
[Site "Internet Chess Club"]
[Date "2014.10.30"]
[Round "1"]
[White "JSBach"]
[Black "Stone-Castle"]
[Result "0-1"]
[ICCResult "White checkmated"]
[WhiteElo "1651"]
[BlackElo "1649"]
[Opening "Vienna: `Frankenstein-Dracula' variation"]
[ECO "C27"]
[NIC "VG.02"]
[Time "17:31:38"]
[TimeControl "120+12"]

1. e4 e5 2. Nc3 Nf6 3. Bc4 Nxe4 4. Qh5 Nd6 5. Bb3 Nc6 6. Nb5 g6 7. Qf3 f5 8.
Qd5 Qe7 9. Nxc7+ Kd8 10. Nxa8 b6 11. Ba4 Bb7 12. Nxb6 axb6 13. Qb3 b5 14.
Nf3 Bg7 15. Bxb5 Nd4 16. Nxd4 exd4+ 17. Kf1 Re8 18. Kg1 Nxb5 19. Qxb5 Qe1+
20. Qf1 d3 21. cxd3 Bd4 22. h4 Bxf2+ 23. Kh2 Qe5+ 24. Kh3 Qg3#
{White checkmated}
0-1

[Event "GambitGuide"]
[Site "Internet Chess Club"]
[Date "2014.10.30"]
[Round "1"]
[White "JSBach"]
[Black "Muravey"]
[Result "1-0"]
[ICCResult "Black checkmated"]
[WhiteElo "1651"]
[BlackElo "1841"]
[Opening "Vienna: `Frankenstein-Dracula' variation"]
[ECO "C27"]
[NIC "VG.02"]
[Time "17:31:36"]
[TimeControl "120+12"]

1. e4 e5 2. Nc3 Nf6 3. Bc4 Nxe4 4. Qh5 Nd6 5. Bb3 Nc6 6. Nb5 g6 7. Qf3 f5 8.
Qd5 Qe7 9. Nxc7+ Kd8 10. Nxa8 b6 11. Ba4 Bb7 12. Nxb6 axb6 13. Qb3 Nc8 14.
Ne2 Na5 15. Qg3 f4 16. Qg4 Qf6 17. Qxd7# {Black checkmated} 1-0

[Event "GambitGuide"]
[Site "Internet Chess Club"]
[Date "2014.10.30"]
[Round "1"]
[White "JSBach"]
[Black "dnmuscg"]
[Result "1-0"]
[ICCResult "Black resigns"]
[WhiteElo "1651"]
[BlackElo "1659"]
[Opening "Vienna: `Frankenstein-Dracula' variation"]
[ECO "C27"]
[NIC "VG.02"]
[Time "17:29:35"]
[TimeControl "120+12"]

1. e4 e5 2. Nc3 Nf6 3. Bc4 Nxe4 4. Qh5 Nd6 5. Bb3 Nc6 6. Nb5 g6 7. Qf3 f5 8.
Qd5 Qe7 9. Nxc7+ Kd8 10. Nxa8 b6 11. Ba4 Bb7 12. Nxb6 axb6 13. Qb3 Kc7 14.
Ne2 Nd4 15. Nxd4 exd4+ 16. Kf1 Qe4 17. f3 Qh4 18. Qb4 Bxf3 19. gxf3 Qxh2 20.
Rxh2 {Black resigns} 1-0

[Event "GambitGuide"]
[Site "Internet Chess Club"]
[Date "2014.10.30"]
[Round "1"]
[White "JSBach"]
[Black "gonesailing"]
[Result "1-0"]
[ICCResult "Black resigns"]
[WhiteElo "1651"]
[BlackElo "1337"]
[Opening "Vienna: `Frankenstein-Dracula' variation"]
[ECO "C27"]
[NIC "VG.02"]
[Time "17:31:03"]
[TimeControl "120+12"]

1. e4 e5 2. Nc3 Nf6 3. Bc4 Nxe4 4. Qh5 Nd6 5. Bb3 Nc6 6. Nb5 g6 7. Qf3 f5 8.
Qd5 Qe7 9. Nxc7+ Kd8 10. Nxa8 b6 11. Ba4 Bb7 12. Nxb6 axb6 13. Qb3 Nc8 14.
Ne2 Nd4 15. Nxd4 exd4+ 16. Kf1 Qg5 17. Rg1 Qh5 18. c4 Bc5 19. Rh1 d3 20.
Qxd3 Qd1+ 21. Bxd1 {Black resigns} 1-0

[Event "GambitGuide"]
[Site "Internet Chess Club"]
[Date "2014.10.30"]
[Round "1"]
[White "JSBach"]
[Black "fishhead"]
[Result "1-0"]
[ICCResult "Black resigns"]
[WhiteElo "1651"]
[BlackElo "1597"]
[Opening "Vienna: `Frankenstein-Dracula' variation"]
[ECO "C27"]
[NIC "VG.02"]
[Time "17:26:33"]
[TimeControl "120+12"]

1. e4 e5 2. Nc3 Nf6 3. Bc4 Nxe4 4. Qh5 Nd6 5. Bb3 Nc6 6. Nb5 g6 7. Qf3 f5 8.
Qd5 Qe7 9. Nxc7+ Kd8 10. Nxa8 b6 11. Ba4 Bb7 12. Nxb6 axb6 13. Qb3 b5 14.
Nf3 bxa4 15. Qxa4 Bg7 16. O-O Nf7 17. Qb5 Bc8 18. Re1 Qd6 19. c3 h6 20. d4
e4 21. Nh4 Qf6 22. Qd5 Ne7 23. Qa5+ Ke8 24. g3 d5 25. Qc5 Qd6 26. Bf4 Qxc5
27. dxc5 g5 28. Ng2 gxf4 29. Nxf4 Be5 30. Ne2 Nc6 31. Rad1 Be6 32. a4 Nfd8
33. Rd2 Kf7 34. Nd4 Nb7 35. Nxc6 {Black resigns} 1-0

[Event "GambitGuide"]
[Site "Internet Chess Club"]
[Date "2014.10.30"]
[Round "1"]
[White "JSBach"]
[Black "Lazydaze"]
[Result "0-1"]
[ICCResult "White checkmated"]
[WhiteElo "1651"]
[BlackElo "1522"]
[Opening "Vienna: `Frankenstein-Dracula' variation"]
[ECO "C27"]
[NIC "VG.02"]
[Time "17:30:42"]
[TimeControl "120+12"]

1. e4 e5 2. Nc3 Nf6 3. Bc4 Nxe4 4. Qh5 Nd6 5. Bb3 Nc6 6. Nb5 g6 7. Qf3 f5 8.
Qd5 Qe7 9. Nxc7+ Kd8 10. Nxa8 b6 11. Ba4 Bb7 12. Nxb6 axb6 13. Qb3 Nc8 14.
Ne2 g5 15. Bb5 h5 16. Rb1 f4 17. O-O g4 18. Re1 g3 19. hxg3 fxg3 20. Nxg3
Nd4 21. Qa4 h4 22. Ne4 h3 23. c3 hxg2 24. cxd4 Qh4 25. f3 Qxe1+ 26. Kxg2
Rg8+ 27. Ng5 Rxg5+ 28. Kh2 Qg3+ 29. Kh1 Qg2# {White checkmated} 0-1

[Event "GambitGuide"]
[Site "Internet Chess Club"]
[Date "2014.10.30"]
[Round "1"]
[White "JSBach"]
[Black "ShabShoral"]
[Result "1-0"]
[ICCResult "Black resigns"]
[WhiteElo "1651"]
[BlackElo "1400"]
[Opening "Vienna: `Frankenstein-Dracula' variation"]
[ECO "C27"]
[NIC "VG.02"]
[Time "17:31:46"]
[TimeControl "120+12"]

1. e4 e5 2. Nc3 Nf6 3. Bc4 Nxe4 4. Qh5 Nd6 5. Bb3 Nc6 6. Nb5 g6 7. Qf3 f5 8.
Qd5 Qe7 9. Nxc7+ Kd8 10. Nxa8 b6 11. Ba4 b5 12. Bxb5 Nxb5 13. Qxb5 Qb4 14.
Qxb4 Bxb4 15. c3 Bc5 16. b4 Bb6 17. Rb1 Re8 18. Ne2 e4 19. h4 d5 20. Nf4 Be6
21. Nxe6+ Rxe6 22. h5 gxh5 23. Rxh5 e3 24. dxe3 f4 25. Kf1 fxe3 26. Rxd5+
Ke7 27. fxe3 Rxe3 28. Bxe3 Bxe3 29. Re1 Ke6 30. Nc7+ Ke7 31. Rxe3+ Kf7 32.
Rd7+ {Black resigns} 1-0

[Event "GambitGuide"]
[Site "Internet Chess Club"]
[Date "2014.10.30"]
[Round "1"]
[White "JSBach"]
[Black "HolyLight"]
[Result "1-0"]
[ICCResult "Black resigns"]
[WhiteElo "1651"]
[BlackElo "1627"]
[Opening "Vienna: `Frankenstein-Dracula' variation"]
[ECO "C27"]
[NIC "VG.02"]
[Time "17:30:12"]
[TimeControl "120+12"]

1. e4 e5 2. Nc3 Nf6 3. Bc4 Nxe4 4. Qh5 Nd6 5. Bb3 Nc6 6. Nb5 g6 7. Qf3 f5 8.
Qd5 Qe7 9. Nxc7+ Kd8 10. Nxa8 b6 11. Ba4 Bb7 12. Nxb6 axb6 13. Qb3 Kc7 14.
Ne2 Nd4 15. Nxd4 exd4+ 16. Kf1 Ba6+ 17. d3 b5 18. Bxb5 Bxb5 19. Bf4 Bc6 20.
Qc4 g5 21. Qxd4 gxf4 22. Qxh8 Bg7 23. Qxh7 Qf6 24. Rb1 f3 25. g3 f4 26. Qh4
Qe5 27. Qxf4 Qxf4 28. gxf4 Nf5 29. b4 Ba4 30. h4 Kd6 31. c4 Bc2 32. c5+ Kc7
33. Rc1 Bxd3+ 34. Ke1 Be4 35. a4 Bb2 36. Kd1 Ba3 37. Re1 Bd3 38. Rc3 Be2+
39. Rxe2 fxe2+ 40. Kxe2 Bxb4 41. Rc4 Ba5 42. h5 Kc6 43. Re4 Kxc5 44. Re5+
{Black resigns}
1-0

[Event "GambitGuide"]
[Site "Internet Chess Club"]
[Date "2014.10.30"]
[Round "1"]
[White "JSBach"]
[Black "Zheus"]
[Result "0-1"]
[ICCResult "White checkmated"]
[WhiteElo "1651"]
[BlackElo "2019"]
[Opening "Vienna: `Frankenstein-Dracula' variation"]
[ECO "C27"]
[NIC "VG.02"]
[Time "17:33:37"]
[TimeControl "120+12"]

1. e4 e5 2. Nc3 Nf6 3. Bc4 Nxe4 4. Qh5 Nd6 5. Bb3 Nc6 6. Nb5 g6 7. Qf3 f5 8.
Qd5 Qe7 9. Nxc7+ Kd8 10. Nxa8 b6 11. Ba4 Bb7 12. Nxb6 axb6 13. Qb3 b5 14.
Nf3 Nd4 15. Nxd4 exd4+ 16. Kf1 bxa4 17. Qxa4 Qe4 18. f3 Qc6 19. Qxd4 Ba6+
20. Ke1 Bg7 21. Qxg7 Re8+ 22. Kf2 Qc5+ 23. Kg3 f4+ 24. Kxf4 Qf5+ 25. Kg3
Qg5+ 26. Kh3 Qh5+ 27. Kg3 Nf5+ 28. Kf4 Qh4+ 29. g4 Nxg7 30. b4 g5#
{White checkmated}
0-1

[Event "GambitGuide"]
[Site "Internet Chess Club"]
[Date "2014.10.30"]
[Round "1"]
[White "JSBach"]
[Black "Jospa"]
[Result "1-0"]
[ICCResult "Black checkmated"]
[WhiteElo "1651"]
[BlackElo "1102"]
[Opening "Vienna: `Frankenstein-Dracula' variation"]
[ECO "C27"]
[NIC "VG.02"]
[Time "17:33:11"]
[TimeControl "120+12"]

1. e4 e5 2. Nc3 Nf6 3. Bc4 Nxe4 4. Qh5 Nd6 5. Bb3 Nc6 6. Nb5 g6 7. Qf3 f5 8.
Qd5 Qe7 9. Nxc7+ Kd8 10. Nxa8 b6 11. Ba4 b5 12. Bxb5 Bb7 13. Bxc6 Bxc6 14.
Qa5+ Ke8 15. Nc7+ Kf7 16. Kf1 Qg5 17. Nd5 Ne4 18. d3 Ng3+ 19. hxg3 Qh5 20.
Rxh5 gxh5 21. Ne3 h4 22. Qxe5 h3 23. Qxh8 hxg2+ 24. Nxg2 Bg7 25. Qxh7 d5 26.
Bh6 Ke6 27. Qg6+ Ke5 28. Bxg7# {Black checkmated} 1-0

[Event "GambitGuide"]
[Site "Internet Chess Club"]
[Date "2014.10.30"]
[Round "1"]
[White "JSBach"]
[Black "ShabShoral"]
[Result "1-0"]
[ICCResult "Black resigns"]
[WhiteElo "1651"]
[BlackElo "1400"]
[Opening "Vienna: `Frankenstein-Dracula' variation"]
[ECO "C27"]
[NIC "VG.02"]
[Time "17:33:38"]
[TimeControl "120+12"]

1. e4 e5 2. Nc3 Nf6 3. Bc4 Nxe4 4. Qh5 Nd6 5. Bb3 Nc6 6. Nb5 g6 7. Qf3 f5 8.
Qd5 Qe7 9. Nxc7+ Kd8 10. Nxa8 b6 11. Ba4 Bg7 12. Bxc6 dxc6 13. Qb3 e4 14.
Qa4 c5 15. Qa3 Nc4 16. Qb3 Be6 17. Qg3 Be5 18. Qh3 Qd6 19. Rb1 Qd4 20. d3
exd3 21. Qxd3 Qxd3 22. cxd3 Nd6 23. Nf3 Bf6 24. Bg5 Bxg5 25. Nxg5 Bd5 26.
Nxb6 Bxg2 27. Rg1 Bd5 28. Nxd5 Re8+ 29. Kd2 Re5 30. Nf4 c4 31. Nxh7 cxd3 32.
Rxg6 Nc4+ 33. Kxd3 Nxb2+ 34. Rxb2 Rd5+ 35. Nxd5 {Black resigns} 1-0

[Event "GambitGuide"]
[Site "Internet Chess Club"]
[Date "2014.10.30"]
[Round "1"]
[White "JSBach"]
[Black "TravisMcGee"]
[Result "1-0"]
[ICCResult "Black resigns"]
[WhiteElo "1651"]
[BlackElo "1533"]
[Opening "Vienna: `Frankenstein-Dracula' variation"]
[ECO "C27"]
[NIC "VG.02"]
[Time "17:32:26"]
[TimeControl "120+12"]

1. e4 e5 2. Nc3 Nf6 3. Bc4 Nxe4 4. Qh5 Nd6 5. Bb3 Nc6 6. Nb5 g6 7. Qf3 f5 8.
Qd5 Qe7 9. Nxc7+ Kd8 10. Nxa8 b6 11. Ba4 Bb7 12. Nxb6 axb6 13. Qb3 Kc7 14.
Ne2 Qg5 15. Qg3 Qf6 16. Qf3 e4 17. Qc3 Bg7 18. d4 Kb8 19. Qb3 Kc7 20. Be3 g5
21. d5 Na5 22. Qxb6+ Kb8 23. Bd4 Qe7 24. Qa7+ Kc7 25. Qxa5+ Kb8 26. Qa7+ Kc7
27. Bxg7 Qxg7 28. Qc5+ Kb8 29. Qxd6+ Kc8 30. Ng3 {Black resigns} 1-0

[Event "GambitGuide"]
[Site "Internet Chess Club"]
[Date "2014.10.30"]
[Round "1"]
[White "JSBach"]
[Black "ShabShoral"]
[Result "1-0"]
[ICCResult "Black checkmated"]
[WhiteElo "1651"]
[BlackElo "1400"]
[Opening "Vienna: `Frankenstein-Dracula' variation"]
[ECO "C27"]
[NIC "VG.02"]
[Time "17:35:23"]
[TimeControl "120+12"]

1. e4 e5 2. Nc3 Nf6 3. Bc4 Nxe4 4. Qh5 Nd6 5. Bb3 Nc6 6. Nb5 g6 7. Qf3 f5 8.
Qd5 Qe7 9. Nxc7+ Kd8 10. Nxa8 b6 11. Ba4 Bg7 12. Bxc6 dxc6 13. Qb3 e4 14.
Qa4 b5 15. Qa5+ Ke8 16. Nc7+ Kf8 17. Rb1 Nc4 18. Qxa7 e3 19. fxe3 Nxe3 20.
dxe3 Bh6 21. Qd4 Rg8 22. Na8 Rg7 23. Bd2 Rf7 24. Qh8# {Black checkmated} 1-0

[Event "GambitGuide"]
[Site "Internet Chess Club"]
[Date "2014.10.30"]
[Round "1"]
[White "JSBach"]
[Black "InstantKarma"]
[Result "1-0"]
[ICCResult "Black resigns"]
[WhiteElo "1651"]
[BlackElo "1557"]
[Opening "Vienna: `Frankenstein-Dracula' variation"]
[ECO "C27"]
[NIC "VG.02"]
[Time "17:35:24"]
[TimeControl "120+12"]

1. e4 e5 2. Nc3 Nf6 3. Bc4 Nxe4 4. Qh5 Nd6 5. Bb3 Nc6 6. Nb5 g6 7. Qf3 f5 8.
Qd5 Qe7 9. Nxc7+ Kd8 10. Nxa8 b6 11. Ba4 Bb7 12. Nxb6 axb6 13. Qb3 Bg7 14.
Qxb6+ Ke8 15. Ne2 Nc4 16. Qxb7 {Black resigns} 1-0

[Event "GambitGuide"]
[Site "Internet Chess Club"]
[Date "2014.10.30"]
[Round "1"]
[White "JSBach"]
[Black "fishhead"]
[Result "1-0"]
[ICCResult "Black resigns"]
[WhiteElo "1651"]
[BlackElo "1597"]
[Opening "Vienna: `Frankenstein-Dracula' variation"]
[ECO "C27"]
[NIC "VG.02"]
[Time "17:35:07"]
[TimeControl "120+12"]

1. e4 e5 2. Nc3 Nf6 3. Bc4 Nxe4 4. Qh5 Nd6 5. Bb3 Nc6 6. Nb5 g6 7. Qf3 f5 8.
Qd5 Qe7 9. Nxc7+ Kd8 10. Nxa8 b6 11. Ba4 Bb7 12. Nxb6 axb6 13. Qb3 b5 14.
Nf3 bxa4 15. Qxa4 Bg7 16. O-O Nf7 17. Qb5 Bc8 18. Re1 Qd6 19. c3 Re8 20. d4
e4 21. Ng5 Nxg5 22. Bxg5+ Bf6 23. Bxf6+ Qxf6 24. d5 Ne5 25. Re3 d6 26. Rae1
Ke7 27. Rh3 h5 28. f4 Ng4 29. b4 Bd7 30. Qb7 Rd8 31. a3 Qxc3 32. Rxc3
{Black resigns}
1-0

[Event "GambitGuide"]
[Site "Internet Chess Club"]
[Date "2014.10.30"]
[Round "1"]
[White "JSBach"]
[Black "Muravey"]
[Result "1-0"]
[ICCResult "Black resigns"]
[WhiteElo "1651"]
[BlackElo "1841"]
[Opening "Vienna: `Frankenstein-Dracula' variation"]
[ECO "C27"]
[NIC "VG.02"]
[Time "17:32:13"]
[TimeControl "120+12"]

1. e4 e5 2. Nc3 Nf6 3. Bc4 Nxe4 4. Qh5 Nd6 5. Bb3 Nc6 6. Nb5 g6 7. Qf3 f5 8.
Qd5 Qe7 9. Nxc7+ Kd8 10. Nxa8 b6 11. Ba4 Bb7 12. Nxb6 axb6 13. Qb3 Nc8 14.
Ne2 Nd4 15. Nxd4 exd4+ 16. Kf1 Bg7 17. Qb5 Re8 18. Kg1 Qe1+ 19. Qf1 Ba6 20.
d3 Qb4 21. Bg5+ Kc7 22. Bb3 Nd6 23. a3 Qa5 24. f3 h6 25. Bf4 g5 26. Bxd6+
Kxd6 27. Bf7 Re7 28. Bc4 Bxc4 29. dxc4 Qc5 30. b4 Qe5 31. Qf2 Kc7 32. Rd1
Qd6 33. Qd2 Be5 34. Qd3 Qe6 35. c5 Bf6 36. Qb5 Qe3+ 37. Kf1 bxc5 38. Qxc5+
Kd8 39. Qb5 Ke8 40. a4 g4 41. Qa6 gxf3 42. Qa8+ Kf7 43. Qxf3 Qxf3+ 44. gxf3
Re3 45. Kf2 Rc3 46. Rd2 Rc4 47. Rb1 Bg5 48. Re2 Be3+ 49. Kg3 f4+ 50. Kg4 Kg6
51. a5 h5+ 52. Kh4 {Black resigns} 1-0

[Event "GambitGuide"]
[Site "Internet Chess Club"]
[Date "2014.10.30"]
[Round "1"]
[White "JSBach"]
[Black "gonesailing"]
[Result "1-0"]
[ICCResult "Black resigns"]
[WhiteElo "1651"]
[BlackElo "1337"]
[Opening "Vienna: `Frankenstein-Dracula' variation"]
[ECO "C27"]
[NIC "VG.02"]
[Time "17:32:39"]
[TimeControl "120+12"]

1. e4 e5 2. Nc3 Nf6 3. Bc4 Nxe4 4. Qh5 Nd6 5. Bb3 Nc6 6. Nb5 g6 7. Qf3 f5 8.
Qd5 Qe7 9. Nxc7+ Kd8 10. Nxa8 b6 11. Ba4 Bb7 12. Nxb6 axb6 13. Qb3 Nc8 14.
Nf3 e4 15. Ng1 Bg7 16. Qd5 Na5 17. Qxd7+ Qxd7 18. Bxd7 Kxd7 19. Ne2 Ba6 20.
Nf4 Nd6 21. Nd5 Kc6 22. Nb4+ Kb5 23. c3 Bb7 24. O-O Nc6 25. Nd5 Ne5 26. Nc7+
Kc6 27. Ne6 Bf6 28. f3 Nd3 29. fxe4 Nxe4 30. Rd1 Kd6 31. Nd4 Rd8 32. Nb3 Ke5
33. Nd4 Rxd4 34. cxd4+ Kxd4 35. b4 Kc4 36. Rb1 Bd4+ 37. Kf1 Ba6 38. Ke2 Kd5
39. b5 Nxc1+ 40. Rdxc1 Bb7 41. Rc7 Nd6 42. Rxh7 Bc8 43. a4 Ne4 44. Re7 Be6
45. Re1 Kd6 46. Re8 Bc4+ 47. d3 Nc3+ 48. Kd2 Bd5 49. Rd8+ Kc5 50. g3 Nxa4
51. Rc1+ Nc3 52. Rxc3+ Bxc3+ 53. Kxc3 Bf3 54. d4+ Kxb5 55. Rg8 Bh5 56. d5
Kc5 57. Rd8 Bf3 58. d6 {Black resigns} 1-0